Map: Year Zero LE

Players

DnS - Winner!

  • Race: Protoss Protoss
  • Spawn Location: 1:00

Cronos

  • Race: Protoss Protoss
  • Spawn Location: 11:00

Event: 2019 WCS Spring

VOD

Have the link to the VOD?

Description

Time

  • Played on: May 17, 2019, 6:34 a.m.
  • Length: 4:34

All games in this series

Show
View Real Time Build Order
Export as new Build Order

DnS Protoss - Winner!

Build Orders:  

Get SALT Encoding   

  12  0:00  Probe  
  13  0:13  Probe  
  14  0:18  Pylon  
  14  0:24  Probe  
  15  0:32  Probe  
  15  0:38  Gateway  
  15  0:40  Probe  
  16  0:47  Assimilator  
  17  0:51  Probe  
  18  0:57  Assimilator  
  18  1:03  Probe  
  19  1:11  Gateway  
  19  1:12  Probe  
  20  1:20  Probe  
  21  1:26  Cybernetics Core  
  21  1:29  Probe  
  22  1:35  Pylon  
  22  1:41  Probe  
  23  1:53  Warp Gate  
  23  1:54  Probe  
  24  2:03  Stalker x2  
  28  2:12  Pylon  
  28  2:33  Stalker x2  
  32  2:38  Robotics Facility  
  31  2:48  Gateway  
  31  3:03  Stalker x2  
  35  3:11  Shield Battery  
  35  3:20  Observer  
  35  3:22  Pylon  
  36  3:44  Stalker x3  
  41  4:14  Stalker x2  
Show
View Real Time Build Order
Export as new Build Order

Cronos Protoss 

Build Orders:  

Get SALT Encoding   

  12  0:00  Probe  
  13  0:13  Pylon  
  13  0:20  Probe  
  14  0:32  Gateway  
  14  0:36  Probe  
  15  0:44  Probe  
  15  0:47  Assimilator  
  16  1:01  Probe, Gateway  
  17  1:13  Probe  
  17  1:16  Pylon  
  18  1:32  Cybernetics Core  
  18  1:34  Assimilator  
  18  1:52  Probe  
  19  1:59  Stalker x2  
  19  2:12  Warp Gate  
  23  2:20  Probe  
  24  2:32  Probe  
  24  2:34  Stalker x2  
  29  2:56  Pylon  
  29  3:04  Stalker  
  31  3:10  Robotics Facility  
  31  3:11  Stalker  
  31  3:14  Probe  
  34  3:33  Probe  
  35  3:58  Nexus  
  35  4:02  Shield Battery  
  31  4:10  Stalker x2  
Tags
 
Add a new tag
Caveats
  • Supply blocks, unpowered buildings, or Contaminate may cause inaccurate times.
  • Supply counts are checked every 10 seconds.